 Dungeon Crawl Stone Soup version 0.26.1-11-gd32895ea62 (webtiles) character file.

Game seed: 10420998438742737213

256 DoomYoshi the Skirmisher (level 5, 0/50 HPs)
             Began as a Minotaur Fighter on Apr 14, 2021.
             Was an Initiate of the Shining One.
             Slain by an ogre
             ... wielding a +0 giant spiked club
              (22 damage)
             ... on level 4 of the Dungeon.
             The game lasted 00:40:27 (2696 turns).

DoomYoshi the Skirmisher (Minotaur Fighter)         Turns: 2696, Time: 00:40:27

Health: 0/50       AC:  8    Str: 22    XL:     5   Next: 92%
Magic:  4/4        EV:  7    Int:  5    God:    the Shining One [......]
Gold:   213        SH:  9    Dex:  9    Spells: 4/4 levels left

rFire    . . .     SeeInvis .   o - +1 hand axe (venom)
rCold    . . .     Faith    .   c - +0 kite shield
rNeg     . . .     Spirit   .   b - +0 scale mail
rPois    .         Reflect  .   (helmet restricted)
rElec    .         Harm     .   n - +0 cloak
rCorr    .         Rampage  .   (no gloves)
Will     .....                  (no boots)
Stlth    ..........             (no amulet)
HPRegen  0.16/turn              (no ring)
MPRegen  0.09/turn              (no ring)

@: glowing
A: retaliatory headbutt, horns 2
a: Renounce Religion


You were on level 4 of the Dungeon.
You worshipped the Shining One.
The Shining One was noncommittal.
You visited 1 branch of the dungeon, and saw 4 of its levels.

You collected 213 gold pieces.

Inventory:

Hand Weapons
 o - a +1 hand axe of venom (weapon)
Missiles
 a - 5 javelins (quivered)
Armour
 b - a +0 scale mail (worn)
 c - a +0 kite shield (worn)
 n - a +0 cloak (worn)
Scrolls
 d - a scroll of teleportation
 e - 3 scrolls of amnesia
 f - 3 scrolls of identify
 g - a scroll of remove curse
Potions
 j - 3 potions of flight
 l - a potion of ambrosia


   Skills:
 * Level 5.7 Fighting
 + Level 3.9 Axes
 + Level 0.8 Throwing
 + Level 4.8 Armour
 + Level 4.7 Shields


You had 4 spell levels left.
You didn't know any spells.
Your spell library was empty.

Dungeon Overview and Level Annotations

Branches:
Dungeon (4/15)
 Temple: D:4-7

Altars:
Fedhas
Sif Muna
Trog
Zin
The Shining One


Innate Abilities, Weirdness & Mutations

You reflexively headbutt those who attack you in melee.
You have a pair of horns on your head.


Message History

You block the jackal's attack.
A quokka comes into view.
You barely miss the ogre. You hit the jackal. You closely miss the jackal.
The jackal barely misses you. The jackal bites you.
The ogre hits you with a +0 giant spiked club!!
Ouch! That really hurt!
The jackal barely misses you.
The jackal bites you but does no damage.
Okay, then.
You slash the ogre! You headbutt the ogre!
The ogre is severely wounded.
You barely miss the jackal. You hit the jackal.
The jackal is poisoned.
You kill the jackal!
The jackal bites you but does no damage.
The ogre closely misses you.
You hit the ogre but do no damage.
The ogre is severely wounded.
You closely miss the jackal. You block the jackal's attack. x2
The ogre hits you with a +0 giant spiked club!!
You die...

#######
#...<$#
###(....#
#.....O.#
#...r@#
#...h.#
####.##
.. ##. #.
#. #.


You could see an ogre, a quokka and a jackal (very poisoned).

Vanquished Creatures
  Crazy Yiuf (D:2)
  2 orc wizards (D:3)
  A gnoll (D:3)
  4 adders
  2 white imps (D:3)
  An ooze (D:1)
  3 worms
  A dart slug (D:1)
  A leopard gecko (D:2)
  12 orcs (D:3)
  2 giant cockroaches
  15 goblins
  7 hobgoblins
  A jackal (D:4)
  A quokka (D:2)
  11 bats
  2 frilled lizards
  9 kobolds
  12 rats
88 creatures vanquished.

Notes
Turn   | Place    | Note
-------+----------+-------------------------------------------
     0 | D:1      | DoomYoshi the Minotaur Fighter began the quest for the Orb.
     0 | D:1      | Reached XP level 1. HP: 19/19 MP: 0/0
    76 | D:1      | Reached XP level 2. HP: 25/27 MP: 1/1
   109 | D:1      | Reached skill level 4 in Fighting
   527 | D:1      | Reached XP level 3. HP: 31/33 MP: 2/2
  1220 | D:2      | Found a shimmering blue altar of Sif Muna.
  1320 | D:2      | Found a runed translucent door.
  1321 | D:2      | Noticed Crazy Yiuf
  1330 | D:2      | Killed Crazy Yiuf
  1331 | D:2      | Reached XP level 4. HP: 21/41 MP: 3/3
  1729 | D:3      | Reached skill level 5 in Fighting
  1818 | D:3      | Reached XP level 5. HP: 38/48 MP: 4/4
  2178 | D:3      | Found a glowing silver altar of Zin.
  2181 | D:3      | Found a blossoming altar of Fedhas.
  2186 | D:3      | Found a glowing golden altar of the Shining One.
  2197 | D:3      | Found a bloodstained altar of Trog.
  2209 | D:3      | Became a worshipper of the Shining One
  2691 | D:4      | Noticed an ogre
  2696 | D:4      | Slain by an ogre

Illustrated notes

Levels and vault maps discovered:
D:1:      dpeg_arrival_ternary, layout_rooms
D:2:      layout_loops_ring, marbit_many_paths, uniq_crazy_yiuf_cottage
D:3:      minmay_razor_zed, layout_basic, grunt_temple_overflow_cloverleaf
D:4:      layout_rooms, minmay_temple_entry_waves

Skill      XL: |  1  2  3  4 |
---------------+-------------+-----
Fighting       | 4 5 |  5.7
Armour         | 4 |  4.8
Axes           | 3 |  3.9
Shields        | 4 |  4.7
Throwing       | |  0.8

Action                   |  1- 3 |  4- 6 || total
-------------------------+-------+-------++-------
Melee: War axe           |    93 |     6 ||    99
       Headbutt          |    11 |    20 ||    31
       Hand axe          |       |    87 ||    87
Throw: Javelin           |       |     9 ||     9
       Boomerang         |       |     4 ||     4
  Use: Potion            |     7 |     4 ||    11
       Scroll            |     5 |     3 ||     8
 Stab: Fleeing           |     1 |       ||     1
Armor: Scale mail        |    42 |    30 ||    72
Dodge: Dodged            |    24 |    27 ||    51
Block: Kite shield       |    57 |    43 ||   100
